 Dungeon Crawl Stone Soup version 0.21.0-37-g46506fa (webtiles) character file.

711 letownia2 the Fighter (level 8, -1/68 HPs)
             Began as a Formicid Artificer on Feb 1, 2018.
             Slain by an ice beast (14 damage)
             ... on level 6 of the Dungeon.
             The game lasted 00:08:44 (4470 turns).

letownia2 the Fighter (Formicid Artificer)          Turns: 4470, Time: 00:08:44

Health: -1/68      AC:  7    Str: 17    XL:     8   Next: 0%
Magic:  10/10      EV: 10    Int: 13    God:
Gold:   244        SH:  0    Dex: 11    Spells: 5/7 levels left

rFire    . . .     SeeInvis +   a - +0 short sword
rCold    . . .     Gourm    .   (no shield)
rNeg     . . .     Faith    .   r - +0 scale mail
rPois    .         Spirit   .   (helmet unavailable)
rElec    .         Reflect  .   (no cloak)
rCorr    .         Harm     .   (no gloves)
MR       .....                  (no boots)
Stlth    ..........             (no amulet)
HPRegen  0.21/turn              (no ring)
MPRegen  0.12/turn              (no ring)

@: no status effects
A: permanent stasis, dig shafts and tunnels, four strong arms, antennae 3
a: Dig, Shaft Self


You were on level 6 of the Dungeon.
You were not hungry.

You visited 2 branches of the dungeon, and saw 7 of its levels.

You collected 244 gold pieces.

Inventory:

Hand Weapons
 a - a +0 short sword (weapon)
 m - a cursed -2 hand axe
 A - a +0 dagger of draining
 B - a cursed -1 short sword
Armour
 b - a +0 leather armour
 n - a +0 ring mail
 r - a +0 scale mail (worn)
Jewellery
 e - an uncursed amulet of harm {unknown}
 x - a cursed amulet of inaccuracy {unknown}
Wands
 d - a wand of enslavement (15)
 q - a wand of clouds (3)
Scrolls
 g - 4 scrolls of teleportation {unknown}
 j - a scroll of blinking {unknown}
 o - a scroll of amnesia {unknown}
 s - 3 scrolls of fear {unknown}
 u - 2 scrolls of identify {unknown}
 v - a scroll of fog {unknown}
 y - 3 scrolls of random uselessness {unknown}
Potions
 h - a potion of berserk rage {unknown}
 k - 3 potions of curing {unknown}
 l - a potion of might {unknown}
 p - 3 potions of heal wounds {unknown}
 t - 2 potions of flight {unknown}
 w - a potion of haste {unknown}
 z - 2 potions of mutation {unknown}
 E - 2 potions of lignification {unknown}
 F - a potion of agility
Books
 i - a book of Cantrips

   Spells                             Type                      Level
   a - Confusing Touch                Hexes                        1
   b - Animate Skeleton               Necromancy                   1
   c - Summon Small Mammal            Summoning                    1
   d - Apportation                    Translocation                1
 C - a book of Necromancy

   Spells                             Type                      Level
   a - Pain                           Necromancy                   1
   b - Animate Skeleton               Necromancy                   1
   c - Vampiric Draining              Necromancy                   3
   d - Regeneration                   Charms/Necromancy            3
   e - Animate Dead                   Necromancy                   4
   f - Borgnjor's Vile Clutch         Necromancy/Earth             5
Comestibles
 f - 10 rations


   Skills:
 + Level 8.0 Fighting
 - Level 1.0 Short Blades
 - Level 3.8 Armour
 - Level 1.7 Dodging
 - Level 1.2 Stealth
 - Level 3.2 Evocations


You had 5 spell levels left.
You knew the following spells:

 Your Spells              Type           Power        Failure   Level  Hunger
a - Confusing Touch       Hex            #.....       69%         1    ##.....
d - Summon Small Mammal   Summ           #...         69%         1    ##.....


Dungeon Overview and Level Annotations

Branches:
Dungeon (6/15)             Temple (1/1) D:5

Altars:
Cheibriados
Dithmenos
Elyvilon
Fedhas
Hepliaklqana
Kikubaaqudgha
Makhleb
Nemelex Xobeh
Okawaru
Qazlal
Sif Muna
Trog
Uskayaw
Vehumet
Xom
The Shining One

Shops:
D:5 [

Annotations:
D:5 2 transporters


Innate Abilities, Weirdness & Mutations

You cannot be hasted, slowed, berserked, paralysed or teleported.
You can dig through walls and to a lower floor.
Your four strong arms can wield two-handed weapons with a shield.
You have a pair of large antennae on your head. (SInv)


Message History

The ice beast misses you.
You closely miss the ice beast.
The ice beast is heavily wounded.
The ice beast hits you but does no damage.
You hit the ice beast.
The ice beast is severely wounded.
The ice beast hits you but does no damage. x2
You closely miss the ice beast.
The ice beast is severely wounded.
The ice beast completely misses you.
You hit the ice beast but do no damage.
The ice beast is severely wounded.
The ice beast hits you. The ice beast freezes you!
* * * LOW HITPOINT WARNING * * *
You hit the ice beast but do no damage.
The ice beast is severely wounded.
The ice beast hits you.
* * * LOW HITPOINT WARNING * * *
The ice beast freezes you!
You die...

##################
.................#
..............##.#
...............#.#
...........Y@..#.#
##############.#.#
#.#.# #.#.###
#.#...# #.###.##
#.###.<# #......#
######.#


You could see an ice beast.

Vanquished Creatures
  Eustachio (D:5)
  An ogre (D:5)
  A scorpion (D:5)
  2 howler monkeys
  3 orc priests
  3 hounds
  A centaur skeleton (D:4)
  Ijyb (D:4)
  The ghost of p0werm0de the Grasshopper, a weakling OpWr of Xom (D:3)
  5 adders
  A shadow imp (D:5)
  4 worms
  2 dart slugs (D:2)
  A leopard gecko (D:2)
  5 orcs
  A ball python (D:2)
  3 bats
  4 giant cockroaches
  9 goblins
  3 hobgoblins
  3 jackals (D:2)
  3 quokkas
  A frilled lizard (D:2)
  3 kobolds
  A leopard gecko skeleton (D:4)
  A quokka skeleton (D:4)
  A quokka zombie (D:5)
  4 rats
69 creatures vanquished.

Notes
Turn   | Place    | Note
-------+----------+-------------------------------------------
     0 | D:1      | letownia2 the Formicid Artificer began the quest for the Orb.
     0 | D:1      | Reached XP level 1. HP: 15/15 MP: 3/3
   465 | D:3      | Noticed p0werm0de's ghost (weakling OpWr)
   506 | D:2      | Reached skill level 2 in Fighting
   506 | D:2      | Reached XP level 2. HP: 10/22 MP: 4/4
   741 | D:2      | Reached skill level 3 in Fighting
   741 | D:2      | Reached XP level 3. HP: 17/29 MP: 5/5
   749 | D:2      | Learned a level 1 spell: Confusing Touch
   798 | D:2      | Learned a level 1 spell: Summon Small Mammal
  1228 | D:4      | Reached skill level 4 in Fighting
  1228 | D:4      | Reached XP level 4. HP: 37/37 MP: 6/6
  1490 | D:4      | Reached skill level 5 in Fighting
  1490 | D:4      | Reached XP level 5. HP: 21/44 MP: 7/7
  1701 | D:4      | Noticed Ijyb
  1727 | D:4      | Killed Ijyb
  1884 | D:4      | Reached skill level 1 in Armour
  1884 | D:4      | Reached XP level 6. HP: 37/52 MP: 8/8
  2119 | D:5      | Entered Level 5 of the Dungeon
  2262 | D:5      | Found a transporter.
  2262 | D:5      | Noticed a troll
  2264 | D:5      | Noticed an unseen horror
  2266 | D:5      | Found a transporter.
  2277 | D:5      | Found a blossoming altar of Fedhas.
  2277 | D:5      | Found a shimmering altar of Xom.
  2323 | D:5      | Reached skill level 6 in Fighting
  2369 | D:5      | Found a staircase to the Ecumenical Temple.
  2397 | Temple   | Entered the Ecumenical Temple
  2875 | D:2      | Found a faded altar of an unknown god.
  3000 | D:3      | Noticed a fire elemental
  3001 | D:3      | Found a stormy altar of Qazlal.
  3004 | D:3      | Noticed a water elemental
  3004 | D:3      | Noticed an air elemental
  3137 | D:3      | Killed p0werm0de's ghost
  3329 | D:3      | Reached XP level 7. HP: 21/59 MP: 9/9
  3356 | D:3      | Found a radiant altar of Vehumet.
  3996 | D:5      | Reached skill level 7 in Fighting
  4018 | D:5      | Noticed Eustachio
  4034 | D:5      | Killed Eustachio
  4226 | D:5      | Reached skill level 8 in Fighting
  4322 | D:5      | Reached XP level 8. HP: 68/68 MP: 10/10
  4329 | D:5      | Found Alibowu's Armour Boutique.
  4470 | D:6      | Slain by an ice beast

Skill      XL: |  1  2  3  4  5  6  7 |
---------------+----------------------+-----
Fighting       | 2 3 4 5 6 8 |  8.0
Armour         | 1 2 3 |  3.8
Short Blades   | |  1.0
Dodging        | |  1.7
Stealth        | |  1.2
Evocations     | |  3.2

Action                   |  1- 3 |  4- 6 |  7- 9 || total
-------------------------+-------+-------+-------++-------
Melee: Short sword       |    59 |   280 |    84 ||   423
 Abil: Dig               |     3 |     2 |       ||     5
Evoke: Wand              |     6 |    16 |     9 ||    31
 Stab: Sleeping          |     1 |       |       ||     1
  Eat: Chunk             |     1 |     8 |     3 ||    12
Armor: Leather armour    |    12 |       |       ||    12
       Ring mail         |       |    17 |       ||    17
       Scale mail        |       |    60 |    55 ||   115
Dodge: Dodged            |    37 |   122 |    42 ||   201
